 Dungeon Crawl Stone Soup version 0.24-a0-118-g3d66cf40a6 (webtiles) character file.

Game seed: 779216417019044599

150 MrRokkomies the Magician (level 5, 32/43 HPs)
             Began as a Gnoll Wanderer on Feb 19, 2019.
             Was a Follower of Vehumet.
             Quit the game on level 3 of the Dungeon.
             The game lasted 00:06:52 (2129 turns).

MrRokkomies the Magician (Gnoll Wanderer)           Turns: 2129, Time: 00:06:52

Health: 32/43      AC:  5    Str: 12    XL:     5   Next: 32%
Magic:  14/14      EV: 10    Int: 19    God:    Vehumet [*.....]
Gold:   126        SH:  0    Dex: 13    Spells: 17/18 levels left

rFire    . . .     SeeInvis .   l - +0 quarterstaff
rCold    . . .     Gourm    .   (shield currently unavailable)
rNeg     . . .     Faith    .   g - +0 ring mail
rPois    .         Spirit   .   (no helmet)
rElec    .         Reflect  .   (no cloak)
rCorr    .         Harm     .   (no gloves)
MR       .....                  (no boots)
Stlth    +.........             (no amulet)
HPRegen  0.14/turn              (no ring)
MPRegen  0.14/turn              (no ring)

@: mildly poisoned (32 -> 32)
A: distributed training, fangs 1, strong nose
a: Renounce Religion


You were on level 3 of the Dungeon.
You worshipped Vehumet.
Vehumet was aware of your devotion.
You were not hungry.

You visited 1 branch of the dungeon, and saw 3 of its levels.

You collected 126 gold pieces.

Inventory:

Hand Weapons
 a - a +3 dagger
 h - a +0 hunting sling
 k - a +0 blowgun
 l - a +0 quarterstaff (weapon)
Missiles
 j - 40 stones (quivered)
 m - 4 poisoned needles
Armour
 g - a +0 ring mail (worn)
Scrolls
 d - 2 scrolls of teleportation
Potions
 b - a potion of heal wounds
 c - a potion of ambrosia
 e - a potion of lignification {unknown}
 i - a potion of curing
Comestibles
 f - 6 rations
 n - 6 chunks of flesh


   Skills:
 + Level 4.7 Fighting
 + Level 1.4 Short Blades
 + Level 1.4 Long Blades
 + Level 1.4 Axes
 + Level 1.4 Maces & Flails
 + Level 1.4 Polearms
 + Level 1.4 Staves
 + Level 1.4 Slings
 + Level 1.4 Bows
 + Level 1.4 Crossbows
 + Level 1.4 Throwing
 + Level 2.9 Armour
 + Level 1.4 Dodging
 + Level 2.7 Stealth
 + Level 1.4 Shields
 + Level 1.4 Unarmed Combat
 + Level 7.3 Spellcasting
 + Level 2.3 Conjurations
 + Level 1.1 Hexes
 + Level 1.1 Charms
 + Level 1.1 Summonings
 + Level 1.1 Necromancy
 + Level 1.1 Translocations
 + Level 1.1 Transmutations
 + Level 1.1 Fire Magic
 + Level 1.1 Ice Magic
 + Level 1.1 Air Magic
 + Level 1.1 Earth Magic
 + Level 2.3 Poison Magic
 + Level 1.6 Invocations
 + Level 2.9 Evocations


You had 17 spell levels left.
You knew the following spells:

 Your Spells              Type           Power        Failure   Level  Hunger
a - Sandblast             Erth           ##....       14%         1    None

Your spell library contained the following spells:

 Spells                   Type           Power        Failure   Level  Hunger
 Sting                    Conj/Pois      ###.         9%          1    None
 Stone Arrow              Conj/Erth      ##....       30%         3    #......


Dungeon Overview and Level Annotations

Branches:
Dungeon (3/15)

Altars:
Vehumet
Xom


Innate Abilities, Weirdness & Mutations

Your experience applies equally to all skills.
You have very sharp teeth.
Your uncanny sense of smell can sniff out nearby items.


Message History

You hit the adder.
You kill the adder!
You feel sick.
No target in view!
No target in view!
No target in view!
Found a faded altar of an unknown god.
You feel sick.
There is a faded altar of an unknown god here.
You cannot tell which god this altar belongs to.
Convert to them anyway?
Okay, then.
Unknown command.
Press < or > to pray at altars.
You cannot tell which god this altar belongs to.
Convert to them anyway?
Vehumet accepts your prayer! Vehumet welcomes you!
You can now gain magical power from killing.
Vehumet offers you knowledge of Sting.
You feel sick.
Are you sure you want to abandon this character and quit the game? (Confirm with "yes".)

#.# #.# #.#
#.#######
#####.###........
..........#####.
..........#
####.##.†.#
#.....#...#
#..#......#
#.#@#.....#
#.....#...>...#
...#......#.#..#
...#.....#...#
##.##.####.##.#
#.. .. ..#.# #.
### .# # # # # #


There were no monsters in sight!

Vanquished Creatures
  Terence (D:3)
  5 adders
  2 oozes
  2 worms
  A dart slug (D:1)
  2 leopard geckos (D:1)
  3 giant cockroaches
  9 hobgoblins
  6 jackals
  A quokka (D:2)
  A ball python (D:1)
  7 bats
  2 frilled lizards
  6 goblins
  7 kobolds
  7 rats
62 creatures vanquished.

Notes
Turn   | Place    | Note
-------+----------+-------------------------------------------
     0 | D:1      | MrRokkomies the Gnoll Wanderer began the quest for the Orb.
     0 | D:1      | MrRokkomies set off with the following items: a +2 dagger,
                  | a potion of heal wounds, a scroll of teleportation, a +0
                  | robe, a ration; and the following spell memorised:
                  | Sandblast; and the following spells available to memorise:
                  | Stone Arrow
     0 | D:1      | Reached XP level 1. HP: 20/20 MP: 8/8
    70 | D:1      | Reached XP level 2. HP: 13/26 MP: 10/10
   614 | D:1      | Reached XP level 3. HP: 29/31 MP: 11/11
  1022 | D:2      | Reached skill level 1 in Invocations
  1171 | D:2      | Reached skill level 1 in Short Blades
  1171 | D:2      | Reached skill level 1 in Long Blades
  1171 | D:2      | Reached skill level 1 in Axes
  1171 | D:2      | Reached skill level 1 in Maces & Flails
  1171 | D:2      | Reached skill level 1 in Polearms
  1171 | D:2      | Reached skill level 1 in Staves
  1171 | D:2      | Reached skill level 1 in Slings
  1171 | D:2      | Reached skill level 1 in Bows
  1171 | D:2      | Reached skill level 1 in Crossbows
  1171 | D:2      | Reached skill level 1 in Throwing
  1171 | D:2      | Reached skill level 1 in Dodging
  1171 | D:2      | Reached skill level 1 in Shields
  1171 | D:2      | Reached skill level 1 in Unarmed Combat
  1171 | D:2      | Reached XP level 4. HP: 26/38 MP: 8/13
  1625 | D:2      | Reached skill level 1 in Hexes
  1625 | D:2      | Reached skill level 1 in Charms
  1625 | D:2      | Reached skill level 1 in Summonings
  1625 | D:2      | Reached skill level 1 in Necromancy
  1625 | D:2      | Reached skill level 1 in Translocations
  1625 | D:2      | Reached skill level 1 in Transmutations
  1625 | D:2      | Reached skill level 1 in Fire Magic
  1625 | D:2      | Reached skill level 1 in Ice Magic
  1625 | D:2      | Reached skill level 1 in Air Magic
  1625 | D:2      | Reached skill level 1 in Earth Magic
  1946 | D:3      | Found a shimmering altar of Xom.
  1980 | D:3      | Noticed Terence
  2012 | D:3      | Killed Terence
  2012 | D:3      | Reached XP level 5. HP: 25/43 MP: 12/14
  2123 | D:3      | Found a faded altar of an unknown god.
  2128 | D:3      | Became a worshipper of Vehumet
  2128 | D:3      | Reached * piety under Vehumet
  2128 | D:3      | Offered knowledge of Sting by Vehumet.
  2129 | D:3      | Quit the game

Levels and vault maps discovered:
D:1:      dpeg_arrival_fog, layout_loops_ring, chequers_jeans
D:2:      layout_loops_ring, minmay_misc_feat_enclosed, minmay_hexomino_f4
D:3:      layout_loops_ring, xom_teletrap_fun, chequers_ecumenical_altar_simple,
          uniq_terence

Skill      XL: |  1  2  3  4 |
---------------+-------------+-----
Conjurations   | 2 |  2.3
Poison Magic   | 2 |  2.3
Invocations    | 1 |  1.6
Short Blades   | 1 |  1.4
Long Blades    | 1 |  1.4
Axes           | 1 |  1.4
Maces & Flails | 1 |  1.4
Polearms       | 1 |  1.4
Staves         | 1 |  1.4
Slings         | 1 |  1.4
Bows           | 1 |  1.4
Crossbows      | 1 |  1.4
Throwing       | 1 |  1.4
Dodging        | 1 |  1.4
Shields        | 1 |  1.4
Unarmed Combat | 1 |  1.4
Hexes          | 1 |  1.1
Charms         | 1 |  1.1
Summonings     | 1 |  1.1
Necromancy     | 1 |  1.1
Translocations | 1 |  1.1
Transmutations | 1 |  1.1
Fire Magic     | 1 |  1.1
Ice Magic      | 1 |  1.1
Air Magic      | 1 |  1.1
Earth Magic    | 1 |  1.1
Fighting       | |  4.7
Armour         | |  2.9
Stealth        | |  2.7
Spellcasting   | |  7.3
Evocations     | |  2.9

Action                   |  1- 3 |  4- 6 || total
-------------------------+-------+-------++-------
Melee: Dagger            |    97 |    18 ||   115
       Bite              |     9 |     7 ||    16
       Quarterstaff      |       |    61 ||    61
       Punch             |       |     1 ||     1
 Fire: Blowgun           |       |     4 ||     4
 Cast: Sandblast         |     6 |    12 ||    18
  Use: Scroll            |     4 |       ||     4
 Stab: Sleeping          |     4 |       ||     4
  Eat: Chunk             |       |     4 ||     4
Armor: Robe              |    12 |       ||    12
       Ring mail         |     3 |    35 ||    38
Dodge: Dodged            |    62 |    43 ||   105

Table legend:
 A = Non-vault XP
 B = Vault XP
 C = Vault XP percentage of total XP
 D = Non-vault monster count
 E = Vault monster count
 F = Vault count percentage of total count
                 A         B        C        D         E       F
            +---------+---------+-------+---------+---------+-------
      Total |     177 |      38 |  17.7 |      59 |       3 |   4.8
            +---------+---------+-------+---------+---------+-------
        D:1 |      51 |       0 |   0.0 |      27 |       0 |   0.0
        D:2 |      88 |       2 |   2.2 |      18 |       2 |  10.0
        D:3 |      38 |      36 |  48.6 |      14 |       1 |   6.7
            +---------+---------+-------+---------+---------+-------
